Panthers vs Oilers

Created - May 24, 2022 at 23:10

Goals
1 2 3 OT1 SO T
Panthers 0 1 1 0 1 3
Oilers 0 1 1 0 0 2
Shots
1 2 3 OT1 SO T
Panthers 13 4 14 1 3 32
Oilers 10 10 5 2 3 27

1st period

No Goal

Penalties :
Nick Bjugstad (Flo) for Interference (Minor) at 4:38, Andrej Sekera (Flo) for Tripping (Minor) at 9:18, Darnell Nurse (Edm) for Boarding (Major) at 19:35

2nd period

1. Panthers , Matt Duchene 39 (Oscar Klefbom 32) at 0:09 (PP)
2. Oilers , Ryan Nugent-Hopkins 22 (Leon Draisaitl 26, Jussi Jokinen 33) at 7:53

Penalties :
Ryan Nugent-Hopkins (Edm) for Cross-checking (Minor) at 11:53

3rd period

3. Panthers , Byron Bitz 7 (Dany Heatley 11, Max Reinhart 21) at 13:17
4. Oilers , Jake Gardiner 5 (Darnell Nurse 8, James Reimer) at 15:28

Penalties :
Alex Galchenyuk (Edm) for Hooking (Minor) at 2:10, Ryan Nugent-Hopkins (Edm) for Holding Stick (Minor) at 5:20, James Reimer (Edm) for Delaying the game (Minor) at 13:21 - Jake Gardiner served the penalty

Overtime #1

No Goal

Penalties :
No Penalty

Shootout

Panthers, Benoit Pouliot - Shot Misses the Net
Oilers, Evander Kane - Stopped by Tyler Weiman
Panthers, Nick Bjugstad - Stopped by James Reimer
Oilers, Alex Galchenyuk - Shot Misses the Net
Panthers, Anze Kopitar - Goal!
Oilers, Tyler Toffoli - Stopped by Tyler Weiman

Penalties :
No Penalty

Goalie Stats

Tyler Weiman (Flo), 25 saves from 27 shots - (0.926), W, 6-6-3, 65:00 minutes
James Reimer (Edm), 30 saves from 32 shots - (0.938), OTL, 29-20-8, 65:00 minutes

Players Stats for Panthers

Player Name              G  A  P  +/- PIM S  H  SB GA TA FO     MP     PP MP  PK MP  
------------------------------------------------------------------------------------
Adam Larsson             0  0  0   1  0   0  2  2  0  1  0/0    31:29   7:05   2:18 
Andrej Sekera            0  0  0  -1  2   0  1  0  0  0  0/0    11:42   0:34   0:56 
Anze Kopitar             0  0  0   0  0   5  3  1  1  0  8/14   21:41   5:36   2:15 
Benoit Pouliot           0  0  0   0  0   0  1  0  0  0  0/0    19:11   5:31   0:11 
Byron Bitz               1  0  1   0  0   4  1  0  0  0  1/2    11:00   1:32   0:00 
Dalton Prout             0  0  0  -1  0   1  0  1  0  1  0/0    23:12   5:16   2:18 
Dan Hamhuis              0  0  0  -1  0   0  0  0  0  0  0/0    10:37   0:34   0:00 
Dany Heatley             0  1  1   0  0   3  1  1  0  0  0/0    11:40   1:04   0:25 
Daultan Leveillé         0  0  0   0  0   0  3  0  0  0  1/3     7:38   0:59   0:00 
Jordan Eberle            0  0  0   0  0   3  1  2  0  0  0/1    20:59   5:28   2:11 
Josh Gorges              0  0  0  -1  0   0  1  4  1  1  0/0    22:54   5:16   1:40 
Kasperi Kapanen          0  0  0   0  0   0  0  0  0  0  1/1     6:22   0:00   0:00 
Matt Duchene             1  0  1  -1  0   7  2  0  1  0  15/33  23:48   6:20   0:00 
Max Reinhart             0  1  1   0  0   0  1  1  0  0  4/6    10:42   0:00   1:27 
Nick Bjugstad            0  0  0  -1  2   1  1  0  0  1  3/5    21:13   5:55   0:00 
Oscar Klefbom            0  1  1   1  0   3  1  1  0  1  0/0    30:11   7:05   0:44 
R.J. Umberger            0  0  0   0  0   1  1  0  0  0  0/0     6:22   0:00   0:00 
Taylor Hall              0  0  0  -1  0   4  0  1  1  0  1/2    25:19   6:20   1:27 

Players Stats for Oilers

Player Name              G  A  P  +/- PIM S  H  SB GA TA FO     MP     PP MP  PK MP  
------------------------------------------------------------------------------------
Alex Galchenyuk          0  0  0  -1  2   4  1  0  2  0  1/1    17:05   1:32   1:33 
Cam Barker               0  0  0   0  0   0  2  0  0  1  0/0    29:45   1:35   6:24 
Connor McDavid           0  0  0   0  0   3  3  0  1  0  14/25  23:39   2:26   4:28 
Conor Sheary             0  0  0   1  0   0  1  2  0  0  0/0    11:06   0:00   0:00 
Darnell Nurse            0  1  1   0  5   0  1  0  0  1  0/0    21:08   2:23   3:23 
Duncan Keith             0  0  0   1  0   0  1  0  2  0  0/0    11:45   0:00   0:53 
Evander Kane             0  0  0   0  0   5  5  0  0  0  0/1    19:52   2:26   3:09 
Jake Gardiner            1  0  1   0  0   3  0  3  0  0  0/0    28:20   1:35   5:17 
Jussi Jokinen            0  1  1   0  0   1  1  0  0  0  2/2    22:13   0:00   6:16 
Leon Draisaitl           0  1  1   1  0   0  3  1  0  0  1/1    16:10   2:26   1:22 
Maxim Lapierre           0  0  0   0  0   1  1  1  0  1  0/1     5:24   0:00   0:58 
Nail Yakupov             0  0  0   1  0   0  0  1  0  0  0/1     5:48   0:00   0:00 
Patrice Bergeron         0  0  0  -1  0   2  0  0  0  0  13/29  20:10   0:00   6:47 
Rasmus Ristolainen       0  0  0   0  0   2  1  0  0  0  0/0    24:11   2:23   6:26 
Ryan Nugent-Hopkins      1  0  1   2  4   3  0  0  0  0  2/6    16:03   1:32   0:42 
Ted Purcell              0  0  0   1  0   0  0  0  0  0  0/0     6:43   0:00   0:35 
Tobias Enstrom           0  0  0   1  0   0  0  1  0  1  0/0    14:53   0:00   3:27 
Tyler Toffoli            0  0  0  -1  0   3  1  0  0  0  0/0    12:46   1:32   0:00 

3 Stars

1 - Byron Bitz (Flo)
2 - Matt Duchene (Flo)
3 - James Reimer (Edm)

Power Play

Panthers - 1 on 6 Attempt(s) - 16.67%
Oilers - 0 on 2 Attempt(s) - 0.00%

Penalty Kill

Panthers - 2 on 2 Attempt(s) - 100.00% - Score 0 goal in Penalty Kill
Oilers - 5 on 6 Attempt(s) - 83.33% - Score 0 goal in Penalty Kill

Team Stat

Panthers - Hits : 20 - Faceoff Wins : 34 - Blocked Shots : 14 - Penalty Minutes : 4
Oilers - Hits : 21 - Faceoff Wins : 33 - Blocked Shots : 9 - Penalty Minutes : 13

Official

Referees : Justin St. Pierre and Kendrick Nicholson
Linesman : Devin Berg and Bevan Mills

Game Notes

Maxim Lapierre is injured at 16:06 of 2nd period (Left Forearm)

Finance

Level 1 -- Attendance: 6000 (100.00%) -- Ticket Income $600,000
Level 2 -- Attendance: 4672 (93.44%) -- Ticket Income $280,320
Level 3 -- Attendance: 1851 (92.55%) -- Ticket Income $64,785
Level 4 -- Attendance: 4000 (100.00%) -- Ticket Income $100,000
Luxury Box -- Attendance: 1000 (100.00%) -- Ticket Income $200,000
Game was played at the Rodgers Place.
Total Attendance: 17523 (97.35%)
Total Ticket Income: $1,245,105
Other Income: $186,766
Total Income: $1,431,871

Panthers

5 vs 5 Forward 
   Center                   Left Wing                Right Wing               Time % Phy DF OF 
 1 Matt Duchene             Taylor Hall              Nick Bjugstad            40     0   2  3  
 2 Anze Kopitar             Benoit Pouliot           Jordan Eberle            30     0   2  3  
 3 Max Reinhart             Dany Heatley             Byron Bitz               20     1   2  2  
 4 Daultan Leveillé         R.J. Umberger            Kasperi Kapanen          10     1   2  2  

5 vs 5 Defense 
   Defense                  Defense                                           Time % Phy DF OF 
 1 Adam Larsson             Oscar Klefbom                                     40     0   2  3  
 2 Dalton Prout             Josh Gorges                                       30     1   2  2  
 3 Andrej Sekera            Dan Hamhuis                                       20     1   2  2  
 4 Adam Larsson             Oscar Klefbom                                     10     0   2  3  

PowerPlay Forward 
   Center                   Left Wing                Right Wing               Time % Phy DF OF 
 1 Matt Duchene             Taylor Hall              Nick Bjugstad            60     0   1  4  
 2 Anze Kopitar             Benoit Pouliot           Jordan Eberle            40     0   1  4  

PowerPlay Defense
   Defense                  Defense                                           Time % Phy DF OF 
 1 Adam Larsson             Oscar Klefbom                                     60     0   2  3  
 2 Josh Gorges              Dalton Prout                                      40     0   2  3  

Penalty Kill 4 Players Forward 
   Center                   Wing                     Time % Phy DF OF 
 1 Anze Kopitar             Jordan Eberle            60     1   3  1  
 2 Max Reinhart             Taylor Hall              40     1   3  1  

Penalty Kill 4 Players Defense
   Defense                  Defense                  Time % Phy DF OF 
 1 Dalton Prout             Adam Larsson             60     1   4  0  
 2 Andrej Sekera            Josh Gorges              40     1   4  0  

Penalty Kill - 3 Players Forward 
   Forward                                           Time % Phy DF OF 
 1 Jordan Eberle                                     60     1   3  1  
 2 Anze Kopitar                                      40     1   3  1  

Penalty Kill - 3 Players Defense
   Defense                  Defense                  Time % Phy DF OF 
 1 Dalton Prout             Adam Larsson             60     1   4  0  
 2 Andrej Sekera            Josh Gorges              40     1   4  0  

4 vs 4 Forward 
   Center                   Wing                     Time % Phy DF OF 
 1 Matt Duchene             Taylor Hall              60     0   2  3  
 2 Anze Kopitar             Jordan Eberle            40     0   2  3  

4 vs 4 Defense
   Defense                  Defense                  Time % Phy DF OF 
 1 Adam Larsson             Oscar Klefbom            60     0   2  3  
 2 Josh Gorges              Dalton Prout             40     1   2  2  

Last Minutes Offensive
   Center                   Left Wing                Right Wing               Defense                  Defense                  
   Matt Duchene             Taylor Hall              Jordan Eberle            Adam Larsson             Oscar Klefbom            

Last Minutes Defensive
   Center                   Left Wing                Right Wing               Defense                  Defense                  
   Anze Kopitar             Taylor Hall              Jordan Eberle            Dalton Prout             Adam Larsson             

Goaltenders
Starting : Tyler Weiman             
Backup : Petr Mrazek              

Extra Forwards
Normal : Jordan Eberle, Taylor Hall, Matt Duchene - PP : Anze Kopitar, Taylor Hall - PK : Dany Heatley
Extra Defensemen
Normal : Dalton Prout, Adam Larsson, Oscar Klefbom - PP : Josh Gorges - PK : Josh Gorges, Oscar Klefbom
Penalty Shots
Benoit Pouliot, Nick Bjugstad, Anze Kopitar, Taylor Hall, Jordan Eberle

Scratches
Erik Gudbranson (Separated Right Shoulder Injury), Jeremy Morin (Broken Bone (Left Arm) Injury)

Oilers

5 vs 5 Forward 
   Center                   Left Wing                Right Wing               Time % Phy DF OF 
 1 Connor McDavid           Jussi Jokinen            Evander Kane             40     1   2  2  
 2 Patrice Bergeron         Alex Galchenyuk          Tyler Toffoli            30     1   2  2  
 3 Ryan Nugent-Hopkins      Leon Draisaitl           Conor Sheary             20     1   2  2  
 4 Maxim Lapierre           Ted Purcell              Nail Yakupov             10     1   2  2  

5 vs 5 Defense 
   Defense                  Defense                                           Time % Phy DF OF 
 1 Jake Gardiner            Cam Barker                                        40     1   2  2  
 2 Darnell Nurse            Rasmus Ristolainen                                30     1   2  2  
 3 Tobias Enstrom           Duncan Keith                                      20     1   2  2  
 4 Jake Gardiner            Cam Barker                                        10     1   2  2  

PowerPlay Forward 
   Center                   Left Wing                Right Wing               Time % Phy DF OF 
 1 Connor McDavid           Leon Draisaitl           Evander Kane             60     1   2  2  
 2 Ryan Nugent-Hopkins      Alex Galchenyuk          Tyler Toffoli            40     1   2  2  

PowerPlay Defense
   Defense                  Defense                                           Time % Phy DF OF 
 1 Jake Gardiner            Cam Barker                                        60     1   2  2  
 2 Darnell Nurse            Rasmus Ristolainen                                40     1   2  2  

Penalty Kill 4 Players Forward 
   Center                   Wing                     Time % Phy DF OF 
 1 Patrice Bergeron         Jussi Jokinen            60     1   2  2  
 2 Connor McDavid           Evander Kane             40     1   2  2  

Penalty Kill 4 Players Defense
   Defense                  Defense                  Time % Phy DF OF 
 1 Jake Gardiner            Cam Barker               60     1   2  2  
 2 Darnell Nurse            Rasmus Ristolainen       40     1   2  2  

Penalty Kill - 3 Players Forward 
   Forward                                           Time % Phy DF OF 
 1 Patrice Bergeron                                  60     1   2  2  
 2 Connor McDavid                                    40     1   2  2  

Penalty Kill - 3 Players Defense
   Defense                  Defense                  Time % Phy DF OF 
 1 Jake Gardiner            Cam Barker               60     1   2  2  
 2 Darnell Nurse            Rasmus Ristolainen       40     1   2  2  

4 vs 4 Forward 
   Center                   Wing                     Time % Phy DF OF 
 1 Patrice Bergeron         Alex Galchenyuk          60     1   2  2  
 2 Connor McDavid           Jussi Jokinen            40     1   2  2  

4 vs 4 Defense
   Defense                  Defense                  Time % Phy DF OF 
 1 Jake Gardiner            Cam Barker               60     1   2  2  
 2 Darnell Nurse            Rasmus Ristolainen       40     1   2  2  

Last Minutes Offensive
   Center                   Left Wing                Right Wing               Defense                  Defense                  
   Patrice Bergeron         Alex Galchenyuk          Evander Kane             Jake Gardiner            Cam Barker               

Last Minutes Defensive
   Center                   Left Wing                Right Wing               Defense                  Defense                  
   Patrice Bergeron         Alex Galchenyuk          Evander Kane             Jake Gardiner            Cam Barker               

Goaltenders
Starting : James Reimer             
Backup : Jonas Hiller             

Extra Forwards
Normal : Ryan Nugent-Hopkins, Connor McDavid, Leon Draisaitl - PP : Ryan Nugent-Hopkins, Connor McDavid - PK : Patrice Bergeron
Extra Defensemen
Normal : Rasmus Ristolainen, Tobias Enstrom, Duncan Keith - PP : Rasmus Ristolainen - PK : Rasmus Ristolainen, Tobias Enstrom
Penalty Shots
Evander Kane, Alex Galchenyuk, Tyler Toffoli, Jussi Jokinen, Patrice Bergeron

Scratches
Andy Rogers (Healthy), Jordan Caron (Healthy)

% Time on Ice - Panthers

Lines # - Real PCT - Wanted PCT - Time Play
Normal Forward
1 - 36% - 40% - 15:21
2 - 28% - 30% - 12:13
3 - 21% - 20% - 9:11
4 - 15% - 10% - 6:22
Normal Defense
1 - 43% - 40% - 18:27
2 - 32% - 30% - 13:58
3 - 21% - 20% - 9:16
4 - 3% - 10% - 1:26
PP Forward
1 - 56% - 60% - 7:14
2 - 44% - 40% - 5:41
PP Defense
1 - 59% - 60% - 7:39
2 - 41% - 40% - 5:16
PK Forward
1 - 63% - 60% - 2:31
2 - 37% - 40% - 1:27
PK Defense
1 - 58% - 60% - 2:18
2 - 42% - 40% - 1:40
PK3 Forward
1 - 0% - 60%
2 - 0% - 40%
PK3 Defense
1 - 0% - 60%
2 - 0% - 40%
44 Forward
1 - 91% - 60% - 4:33
2 - 9% - 40% - 0:27
44 Defense
1 - 60% - 60% - 3:00
2 - 40% - 40% - 2:00
Last Minute Offensive  - 0:00
Last Minute Defensive  - 0:00
Total
Forward - 65:00
Defense - 65:00

% Time on Ice - Oilers

Lines # - Real PCT - Wanted PCT - Time Play
Normal Forward
1 - 34% - 40% - 14:48
2 - 26% - 30% - 11:25
3 - 26% - 20% - 11:06
4 - 13% - 10% - 5:48
Normal Defense
1 - 42% - 40% - 18:13
2 - 31% - 30% - 13:34
3 - 24% - 20% - 10:08
4 - 3% - 10% - 1:12
PP Forward
1 - 61% - 60% - 2:26
2 - 39% - 40% - 1:32
PP Defense
1 - 40% - 60% - 1:35
2 - 60% - 40% - 2:23
PK Forward
1 - 76% - 60% - 9:46
2 - 24% - 40% - 3:09
PK Defense
1 - 51% - 60% - 6:32
2 - 49% - 40% - 6:23
PK3 Forward
1 - 0% - 60%
2 - 0% - 40%
PK3 Defense
1 - 0% - 60%
2 - 0% - 40%
44 Forward
1 - 93% - 60% - 4:39
2 - 7% - 40% - 0:21
44 Defense
1 - 64% - 60% - 3:12
2 - 36% - 40% - 1:48
Last Minute Offensive  - 0:00
Last Minute Defensive  - 0:00
Total
Forward - 65:00
Defense - 65:00

Play-by-Play

1st period


0:01 of 1st period - Matt Duchene wins face-off versus Connor McDavid in neutral zone.
0:16 of 1st period - Snap shot by Nick Bjugstad.
0:16 of 1st period - Shot Blocked by Jake Gardiner.
0:52 of 1st period - Rasmus Ristolainen is hit by Josh Gorges and loses puck.
0:57 of 1st period - Snap shot by Anze Kopitar.
0:57 of 1st period - Shot Blocked by Nail Yakupov.
1:59 of 1st period - Slapshot by Matt Duchene.
1:59 of 1st period - Shot Blocked by Conor Sheary.
2:01 of 1st period - Slapshot by Taylor Hall.
2:01 of 1st period - Shot Misses the Net.
2:03 of 1st period - Snap shot by Matt Duchene.
2:03 of 1st period - Stopped by James Reimer without a rebound.
2:04 of 1st period - Connor McDavid wins face-off versus Max Reinhart in Oilers zone.
3:14 of 1st period - Wrist shot by Connor McDavid.
3:14 of 1st period - Stopped by Tyler Weiman without a rebound.
3:15 of 1st period - Connor McDavid wins face-off versus Daultan Leveillé in Panthers zone.
3:41 of 1st period - Snap shot by Max Reinhart.
3:41 of 1st period - Deflect By Dany Heatley.
3:41 of 1st period - Stopped by James Reimer with a rebound.
4:13 of 1st period - Wrist shot by Taylor Hall.
4:13 of 1st period - Shot Blocked by Jake Gardiner.
4:33 of 1st period - Snap shot by Ryan Nugent-Hopkins.
4:33 of 1st period - Shot Misses the Net.
4:35 of 1st period - Wrist shot by Jake Gardiner.
4:35 of 1st period - Stopped by Tyler Weiman without a rebound.
4:36 of 1st period - Matt Duchene wins face-off versus Patrice Bergeron in Panthers zone.
4:38 of 1st period - Minor Penalty to Nick Bjugstad for Interference.
4:39 of 1st period - Anze Kopitar wins face-off versus Evander Kane in Panthers zone.
5:05 of 1st period - Adam Larsson is hit by Tyler Toffoli and loses puck.
6:38 of 1st period - Penalty to Nick Bjugstad is over, Nick Bjugstad is back on ice.
6:53 of 1st period - R.J. Umberger is hit by Cam Barker and loses puck.
7:01 of 1st period - Icing by Oscar Klefbom.
7:02 of 1st period - Connor McDavid wins face-off versus Matt Duchene in Panthers zone.
7:19 of 1st period - Slapshot by Oscar Klefbom.
7:19 of 1st period - Stopped by James Reimer with a rebound.
7:21 of 1st period - Wrist shot by Dany Heatley.
7:21 of 1st period - Stopped by James Reimer with a rebound.
7:23 of 1st period - Wrist shot by Dany Heatley.
7:23 of 1st period - Shot Blocked by Tobias Enstrom.
7:39 of 1st period - Snap shot by Taylor Hall.
7:39 of 1st period - Stopped by James Reimer with a rebound.
7:41 of 1st period - Slapshot by Dalton Prout.
7:41 of 1st period - Deflect By Tobias Enstrom.
7:41 of 1st period - Stopped by James Reimer with a rebound.
7:43 of 1st period - Wrist shot by Matt Duchene.
7:43 of 1st period - Stopped by James Reimer with a rebound.
7:45 of 1st period - Snap shot by Nick Bjugstad.
7:45 of 1st period - Stopped by James Reimer without a rebound.
7:46 of 1st period - Connor McDavid wins face-off versus Jordan Eberle in Oilers zone.
7:57 of 1st period - Slapshot by Connor McDavid.
7:57 of 1st period - Stopped by Tyler Weiman with a rebound.
7:59 of 1st period - Snap shot by Evander Kane.
7:59 of 1st period - Stopped by Tyler Weiman without a rebound.
8:00 of 1st period - Matt Duchene wins face-off versus Patrice Bergeron in Panthers zone.
8:13 of 1st period - Slapshot by Alex Galchenyuk.
8:13 of 1st period - Shot Blocked by Josh Gorges.
8:15 of 1st period - Wrist shot by Tyler Toffoli.
8:15 of 1st period - Shot Misses the Net.
8:17 of 1st period - Slapshot by Jake Gardiner.
8:17 of 1st period - Stopped by Tyler Weiman with a rebound.
8:27 of 1st period - Jake Gardiner is hit by Anze Kopitar and loses puck.
8:50 of 1st period - Slapshot by Ryan Nugent-Hopkins.
8:50 of 1st period - Shot Blocked by Dany Heatley.
8:56 of 1st period - Ryan Nugent-Hopkins is hit by Adam Larsson and loses puck.
9:11 of 1st period - Snap shot by Alex Galchenyuk.
9:11 of 1st period - Stopped by Tyler Weiman without a rebound.
9:12 of 1st period - Patrice Bergeron wins face-off versus Taylor Hall in Panthers zone.
9:18 of 1st period - Minor Penalty to Andrej Sekera for Tripping.
9:19 of 1st period - Anze Kopitar wins face-off versus Connor McDavid in Panthers zone.
9:19 of 1st period - Anze Kopitar is hit by Evander Kane.
10:04 of 1st period - Slapshot by Taylor Hall.
10:04 of 1st period - Deflect By Max Reinhart.
10:04 of 1st period - Shot Hit the Post.
10:04 of 1st period - Puck is out of play.
10:05 of 1st period - Anze Kopitar wins face-off versus Connor McDavid in Oilers zone.
10:59 of 1st period - Snap shot by Evander Kane.
10:59 of 1st period - Deflect By Leon Draisaitl.
10:59 of 1st period - Shot Misses the Net.
10:59 of 1st period - Puck is out of play.
11:00 of 1st period - Ryan Nugent-Hopkins wins face-off versus Anze Kopitar in Panthers zone.
11:07 of 1st period - Snap shot by Alex Galchenyuk.
11:07 of 1st period - Shot Misses the Net.
11:17 of 1st period - Snap shot by Tyler Toffoli.
11:17 of 1st period - Stopped by Tyler Weiman with a rebound.
11:18 of 1st period - Penalty to Andrej Sekera is over, Andrej Sekera is back on ice.
11:31 of 1st period - Wrist shot by Taylor Hall.
11:31 of 1st period - Shot Misses the Net.
11:33 of 1st period - Wrist shot by Oscar Klefbom.
11:33 of 1st period - Deflect By Rasmus Ristolainen.
11:33 of 1st period - Stopped by James Reimer without a rebound.
11:34 of 1st period - Patrice Bergeron wins face-off versus Matt Duchene in Oilers zone.
11:49 of 1st period - Icing by Patrice Bergeron.
11:50 of 1st period - Patrice Bergeron wins face-off versus Anze Kopitar in Oilers zone.
11:55 of 1st period - Snap shot by Jordan Eberle.
11:55 of 1st period - Stopped by James Reimer without a rebound.
11:56 of 1st period - Anze Kopitar wins face-off versus Connor McDavid in Oilers zone.
12:05 of 1st period - Snap shot by Evander Kane.
12:05 of 1st period - Stopped by Tyler Weiman without a rebound.
12:06 of 1st period - Connor McDavid wins face-off versus Matt Duchene in Panthers zone.
12:07 of 1st period - Wrist shot by Evander Kane.
12:07 of 1st period - Shot Misses the Net.
12:13 of 1st period - Adam Larsson is hit by Evander Kane.
12:41 of 1st period - Jake Gardiner is hit by Anze Kopitar and loses puck.
13:42 of 1st period - Dalton Prout is hit by Maxim Lapierre and loses puck.
13:47 of 1st period - Wrist shot by Kasperi Kapanen.
13:47 of 1st period - Shot Blocked by Maxim Lapierre.
13:49 of 1st period - Slapshot by Dalton Prout.
13:49 of 1st period - Deflect By Daultan Leveillé.
13:49 of 1st period - Shot Misses the Net.
13:49 of 1st period - Puck is out of play.
13:50 of 1st period - Anze Kopitar wins face-off versus Patrice Bergeron in Oilers zone.
13:59 of 1st period - Wrist shot by Alex Galchenyuk.
13:59 of 1st period - Shot Misses the Net.
14:01 of 1st period - Slapshot by Jake Gardiner.
14:01 of 1st period - Deflect By Patrice Bergeron.
14:01 of 1st period - Shot Blocked by Anze Kopitar.
14:01 of 1st period - Puck is out of play.
14:02 of 1st period - Jussi Jokinen wins face-off versus Matt Duchene in Panthers zone.
14:03 of 1st period - Slapshot by Evander Kane.
14:03 of 1st period - Stopped by Tyler Weiman with a rebound.
15:01 of 1st period - Slapshot by Cam Barker.
15:01 of 1st period - Deflect By Leon Draisaitl.
15:01 of 1st period - Shot Blocked by Adam Larsson.
15:01 of 1st period - Puck is out of play.
15:02 of 1st period - Connor McDavid wins face-off versus Matt Duchene in Panthers zone.
15:54 of 1st period - Wrist shot by Ryan Nugent-Hopkins.
15:54 of 1st period - Shot Blocked by Max Reinhart.
16:12 of 1st period - Darnell Nurse is hit by Daultan Leveillé and loses puck.
16:35 of 1st period - Josh Gorges is hit by Connor McDavid and loses puck.
16:53 of 1st period - Wrist shot by Patrice Bergeron.
16:53 of 1st period - Stopped by Tyler Weiman with a rebound.
16:55 of 1st period - Slapshot by Cam Barker.
16:55 of 1st period - Shot Misses the Net.
16:57 of 1st period - Wrist shot by Tyler Toffoli.
16:57 of 1st period - Shot Blocked by Josh Gorges.
17:44 of 1st period - Off-side.
17:45 of 1st period - Patrice Bergeron wins face-off versus Matt Duchene in neutral zone.
17:54 of 1st period - Wrist shot by Oscar Klefbom.
17:54 of 1st period - Deflect By Alex Galchenyuk.
17:54 of 1st period - Stopped by James Reimer with a rebound.
18:00 of 1st period - Slapshot by Matt Duchene.
18:00 of 1st period - Stopped by James Reimer with a rebound.
18:02 of 1st period - Slapshot by Matt Duchene.
18:02 of 1st period - Stopped by James Reimer without a rebound.
18:03 of 1st period - Connor McDavid wins face-off versus Anze Kopitar in Oilers zone.
18:18 of 1st period - Jussi Jokinen is hit by Jordan Eberle.
19:35 of 1st period - Major Penalty to Darnell Nurse for Boarding.
19:36 of 1st period - Nick Bjugstad wins face-off versus Patrice Bergeron in Oilers zone.
Goals for this period are 0 for Panthers vs 0 for Oilers.
Shots for this period are 13 for Panthers vs 10 for Oilers.

2nd period


0:01 of 2nd period - Matt Duchene wins face-off versus Patrice Bergeron in neutral zone.
0:03 of 2nd period - Off-side.
0:04 of 2nd period - Matt Duchene wins face-off versus Patrice Bergeron in neutral zone.
0:09 of 2nd period - Slapshot by Matt Duchene.
0:09 of 2nd period - Goal by Matt Duchene - Panthers : 1 - Oilers : 0.
0:10 of 2nd period - Patrice Bergeron wins face-off versus Matt Duchene in neutral zone.
0:37 of 2nd period - Jussi Jokinen is hit by Oscar Klefbom and loses puck.
0:58 of 2nd period - Wrist shot by Evander Kane.
0:58 of 2nd period - Shot Misses the Net.
1:00 of 2nd period - Slapshot by Rasmus Ristolainen.
1:00 of 2nd period - Deflect By Josh Gorges.
1:00 of 2nd period - Stopped by Tyler Weiman without a rebound.
1:01 of 2nd period - Patrice Bergeron wins face-off versus Matt Duchene in Panthers zone.
1:26 of 2nd period - Wrist shot by Connor McDavid.
1:26 of 2nd period - Shot Misses the Net.
1:56 of 2nd period - Snap shot by Jussi Jokinen.
1:56 of 2nd period - Shot Blocked by Jordan Eberle.
3:54 of 2nd period - Tobias Enstrom is hit by Nick Bjugstad and loses puck.
4:35 of 2nd period - Penalty to Darnell Nurse is over, Darnell Nurse is back on ice.
4:46 of 2nd period - Tobias Enstrom is hit by Daultan Leveillé and loses puck.
4:51 of 2nd period - Slapshot by R.J. Umberger.
4:51 of 2nd period - Shot Misses the Net.
5:07 of 2nd period - Snap shot by Maxim Lapierre.
5:07 of 2nd period - Stopped by Tyler Weiman without a rebound.
5:08 of 2nd period - Max Reinhart wins face-off versus Maxim Lapierre in Panthers zone.
5:25 of 2nd period - Tyler Toffoli is hit by Daultan Leveillé and loses puck.
5:48 of 2nd period - Nick Bjugstad is hit by Evander Kane.
6:09 of 2nd period - Andrej Sekera is hit by Leon Draisaitl and loses puck.
6:18 of 2nd period - Leon Draisaitl is hit by Anze Kopitar and loses puck.
6:37 of 2nd period - Jake Gardiner is hit by Max Reinhart and loses puck.
7:53 of 2nd period - Wrist shot by Ryan Nugent-Hopkins.
7:53 of 2nd period - Goal by Ryan Nugent-Hopkins - Panthers : 1 - Oilers : 1.
7:54 of 2nd period - Connor McDavid wins face-off versus Matt Duchene in neutral zone.
8:21 of 2nd period - Jordan Eberle is hit by Alex Galchenyuk and loses puck.
8:26 of 2nd period - Wrist shot by Tyler Toffoli.
8:26 of 2nd period - Stopped by Tyler Weiman with a rebound.
8:52 of 2nd period - Wrist shot by Max Reinhart.
8:52 of 2nd period - Shot Misses the Net.
9:16 of 2nd period - Wrist shot by Taylor Hall.
9:16 of 2nd period - Stopped by James Reimer with a rebound.
9:33 of 2nd period - Wrist shot by Dan Hamhuis.
9:33 of 2nd period - Shot Misses the Net.
10:32 of 2nd period - Slapshot by Matt Duchene.
10:32 of 2nd period - Deflect By Nick Bjugstad.
10:32 of 2nd period - Shot Blocked by Jake Gardiner.
10:32 of 2nd period - Puck is out of play.
10:33 of 2nd period - Connor McDavid wins face-off versus Matt Duchene in Oilers zone.
10:37 of 2nd period - Off-side.
10:38 of 2nd period - Connor McDavid wins face-off versus Matt Duchene in neutral zone.
11:13 of 2nd period - Wrist shot by Evander Kane.
11:13 of 2nd period - Stopped by Tyler Weiman without a rebound.
11:14 of 2nd period - Matt Duchene wins face-off versus Patrice Bergeron in Panthers zone.
11:19 of 2nd period - Snap shot by Taylor Hall.
11:19 of 2nd period - Stopped by James Reimer with a rebound.
11:48 of 2nd period - Snap shot by Jordan Eberle.
11:48 of 2nd period - Shot Misses the Net.
11:53 of 2nd period - Minor Penalty to Ryan Nugent-Hopkins for Cross-checking.
11:54 of 2nd period - Matt Duchene wins face-off versus Patrice Bergeron in Oilers zone.
12:20 of 2nd period - Josh Gorges is hit by Evander Kane and loses puck.
12:27 of 2nd period - Slapshot by Evander Kane.
12:27 of 2nd period - Stopped by Tyler Weiman without a rebound.
12:28 of 2nd period - Matt Duchene wins face-off versus Patrice Bergeron in Panthers zone.
12:28 of 2nd period - Matt Duchene is hit by Jussi Jokinen.
12:33 of 2nd period - Off-side.
12:34 of 2nd period - Jussi Jokinen wins face-off versus Matt Duchene in neutral zone.
12:39 of 2nd period - Snap shot by Jussi Jokinen.
12:39 of 2nd period - Stopped by Tyler Weiman with a rebound.
12:41 of 2nd period - Wrist shot by Darnell Nurse.
12:41 of 2nd period - Shot Blocked by Taylor Hall.
13:01 of 2nd period - Snap shot by Connor McDavid.
13:01 of 2nd period - Stopped by Tyler Weiman with a rebound.
13:25 of 2nd period - Patrice Bergeron is hit by Matt Duchene and loses puck.
13:53 of 2nd period - Penalty to Ryan Nugent-Hopkins is over, Ryan Nugent-Hopkins is back on ice.
15:25 of 2nd period - Jordan Eberle is hit by Leon Draisaitl and loses puck.
15:52 of 2nd period - Andrej Sekera is hit by Duncan Keith and loses puck.
16:05 of 2nd period - Maxim Lapierre is hit by Dany Heatley and loses puck.
16:06 of 2nd period - Maxim Lapierre from Oilers is injured at 16:06 of 2nd period (Left Forearm).
16:07 of 2nd period - Nick Bjugstad wins face-off versus Connor McDavid in Oilers zone.
16:18 of 2nd period - Wrist shot by Connor McDavid.
16:18 of 2nd period - Deflect By Jussi Jokinen.
16:18 of 2nd period - Shot Misses the Net.
16:18 of 2nd period - Puck is out of play.
16:19 of 2nd period - Matt Duchene wins face-off versus Connor McDavid in Panthers zone.
16:19 of 2nd period - Matt Duchene is hit by Connor McDavid.
16:55 of 2nd period - Slapshot by Alex Galchenyuk.
16:55 of 2nd period - Stopped by Tyler Weiman without a rebound.
16:56 of 2nd period - Patrice Bergeron wins face-off versus Nick Bjugstad in Panthers zone.
17:10 of 2nd period - Slapshot by Rasmus Ristolainen.
17:10 of 2nd period - Shot Misses the Net.
17:12 of 2nd period - Slapshot by Patrice Bergeron.
17:12 of 2nd period - Stopped by Tyler Weiman with a rebound.
17:30 of 2nd period - Slapshot by Ryan Nugent-Hopkins.
17:30 of 2nd period - Shot Misses the Net.
18:50 of 2nd period - Wrist shot by Anze Kopitar.
18:50 of 2nd period - Stopped by James Reimer without a rebound.
18:51 of 2nd period - Anze Kopitar wins face-off versus Connor McDavid in Oilers zone.
19:03 of 2nd period - Off-side.
19:04 of 2nd period - Matt Duchene wins face-off versus Connor McDavid in neutral zone.
19:41 of 2nd period - Wrist shot by Tyler Toffoli.
19:41 of 2nd period - Shot Blocked by Adam Larsson.
Goals for this period are 1 for Panthers vs 1 for Oilers.
Shots for this period are 4 for Panthers vs 10 for Oilers.

3rd period


0:01 of 3rd period - Connor McDavid wins face-off versus Nick Bjugstad in neutral zone.
0:08 of 3rd period - Cam Barker is hit by Adam Larsson and loses puck.
1:04 of 3rd period - Oscar Klefbom is hit by Evander Kane and loses puck.
1:51 of 3rd period - Wrist shot by Matt Duchene.
1:51 of 3rd period - Stopped by James Reimer without a rebound.
1:52 of 3rd period - Patrice Bergeron wins face-off versus Anze Kopitar in Oilers zone.
2:03 of 3rd period - Slapshot by Darnell Nurse.
2:03 of 3rd period - Shot Blocked by Dalton Prout.
2:05 of 3rd period - Wrist shot by Patrice Bergeron.
2:05 of 3rd period - Shot Blocked by Josh Gorges.
2:07 of 3rd period - Slapshot by Rasmus Ristolainen.
2:07 of 3rd period - Shot Blocked by Josh Gorges.
2:09 of 3rd period - Slapshot by Rasmus Ristolainen.
2:09 of 3rd period - Stopped by Tyler Weiman with a rebound.
2:10 of 3rd period - Minor Penalty to Alex Galchenyuk for Hooking.
2:11 of 3rd period - Anze Kopitar wins face-off versus Patrice Bergeron in Oilers zone.
2:16 of 3rd period - Slapshot by Anze Kopitar.
2:16 of 3rd period - Stopped by James Reimer with a rebound.
4:02 of 3rd period - Leon Draisaitl is hit by Byron Bitz and loses puck.
4:10 of 3rd period - Penalty to Alex Galchenyuk is over, Alex Galchenyuk is back on ice.
4:29 of 3rd period - Wrist shot by R.J. Umberger.
4:29 of 3rd period - Stopped by James Reimer without a rebound.
4:30 of 3rd period - Daultan Leveillé wins face-off versus Patrice Bergeron in Oilers zone.
4:40 of 3rd period - Off-side.
4:41 of 3rd period - Connor McDavid wins face-off versus Daultan Leveillé in neutral zone.
5:20 of 3rd period - Minor Penalty to Ryan Nugent-Hopkins for Holding Stick.
5:21 of 3rd period - Matt Duchene wins face-off versus Patrice Bergeron in Oilers zone.
5:51 of 3rd period - Off-side.
5:52 of 3rd period - Connor McDavid wins face-off versus Anze Kopitar in neutral zone.
7:19 of 3rd period - Snap shot by Connor McDavid.
7:19 of 3rd period - Shot Misses the Net.
7:20 of 3rd period - Penalty to Ryan Nugent-Hopkins is over, Ryan Nugent-Hopkins is back on ice.
7:35 of 3rd period - Slapshot by Byron Bitz.
7:35 of 3rd period - Stopped by James Reimer without a rebound.
7:36 of 3rd period - Max Reinhart wins face-off versus Ryan Nugent-Hopkins in Oilers zone.
8:03 of 3rd period - Tyler Toffoli is hit by R.J. Umberger and loses puck.
8:30 of 3rd period - Dalton Prout is hit by Cam Barker and loses puck.
8:45 of 3rd period - Wrist shot by Anze Kopitar.
8:45 of 3rd period - Stopped by James Reimer with a rebound.
8:47 of 3rd period - Slapshot by Benoit Pouliot.
8:47 of 3rd period - Shot Misses the Net.
8:49 of 3rd period - Wrist shot by Anze Kopitar.
8:49 of 3rd period - Stopped by James Reimer without a rebound.
8:50 of 3rd period - Taylor Hall wins face-off versus Patrice Bergeron in Oilers zone.
9:03 of 3rd period - Backhand shot by Tyler Toffoli.
9:03 of 3rd period - Stopped by Tyler Weiman without a rebound.
9:04 of 3rd period - Patrice Bergeron wins face-off versus Matt Duchene in Panthers zone.
9:15 of 3rd period - Slapshot by Matt Duchene.
9:15 of 3rd period - Shot Misses the Net.
9:17 of 3rd period - Slapshot by Oscar Klefbom.
9:17 of 3rd period - Deflect By Nick Bjugstad.
9:17 of 3rd period - Shot Misses the Net.
9:17 of 3rd period - Puck is out of play.
9:18 of 3rd period - Nick Bjugstad wins face-off versus Connor McDavid in Oilers zone.
9:45 of 3rd period - Adam Larsson is hit by Rasmus Ristolainen.
9:51 of 3rd period - Icing by Rasmus Ristolainen.
9:52 of 3rd period - Patrice Bergeron wins face-off versus Anze Kopitar in Oilers zone.
9:52 of 3rd period - Patrice Bergeron is hit by Benoit Pouliot.
10:00 of 3rd period - Snap shot by Alex Galchenyuk.
10:00 of 3rd period - Shot Misses the Net.
11:33 of 3rd period - Wrist shot by Conor Sheary.
11:33 of 3rd period - Shot Misses the Net.
12:05 of 3rd period - Leon Draisaitl is hit by Andrej Sekera and loses puck.
12:24 of 3rd period - Anze Kopitar is hit by Conor Sheary and loses puck.
12:31 of 3rd period - Backhand shot by Leon Draisaitl.
12:31 of 3rd period - Shot Misses the Net.
12:33 of 3rd period - Wrist shot by Ryan Nugent-Hopkins.
12:33 of 3rd period - Shot Hit the Post.
12:35 of 3rd period - Snap shot by Ryan Nugent-Hopkins.
12:35 of 3rd period - Stopped by Tyler Weiman without a rebound.
12:36 of 3rd period - Matt Duchene wins face-off versus Connor McDavid in Panthers zone.
12:36 of 3rd period - Matt Duchene is hit by Connor McDavid.
13:07 of 3rd period - Snap shot by Max Reinhart.
13:07 of 3rd period - Deflect By Byron Bitz.
13:07 of 3rd period - Shot Misses the Net.
13:07 of 3rd period - Puck is out of play.
13:08 of 3rd period - Byron Bitz wins face-off versus Patrice Bergeron in Oilers zone.
13:15 of 3rd period - Wrist shot by Dany Heatley.
13:15 of 3rd period - Stopped by James Reimer with a rebound.
13:17 of 3rd period - Snap shot by Byron Bitz.
13:17 of 3rd period - Goal by Byron Bitz - Panthers : 2 - Oilers : 1.
13:18 of 3rd period - Matt Duchene wins face-off versus Connor McDavid in neutral zone.
13:21 of 3rd period - Slapshot by Matt Duchene.
13:21 of 3rd period - Stopped by James Reimer without a rebound.
13:21 of 3rd period - Minor Penalty to James Reimer for Delaying the game.
13:22 of 3rd period - Matt Duchene wins face-off versus Patrice Bergeron in Oilers zone.
15:21 of 3rd period - Penalty to Jake Gardiner is over, Jake Gardiner is back on ice.
15:28 of 3rd period - Snap shot by Jake Gardiner.
15:28 of 3rd period - Goal by Jake Gardiner - Panthers : 2 - Oilers : 2.
15:29 of 3rd period - Leon Draisaitl wins face-off versus Max Reinhart in neutral zone.
15:34 of 3rd period - Wrist shot by Leon Draisaitl.
15:34 of 3rd period - Deflect By Conor Sheary.
15:34 of 3rd period - Shot Misses the Net.
15:34 of 3rd period - Puck is out of play.
15:35 of 3rd period - Max Reinhart wins face-off versus Ryan Nugent-Hopkins in Panthers zone.
16:06 of 3rd period - Slapshot by Connor McDavid.
16:06 of 3rd period - Shot Blocked by Oscar Klefbom.
16:21 of 3rd period - Icing by Oscar Klefbom.
16:22 of 3rd period - Matt Duchene wins face-off versus Nail Yakupov in Panthers zone.
16:31 of 3rd period - Snap shot by Byron Bitz.
16:31 of 3rd period - Stopped by James Reimer without a rebound.
16:32 of 3rd period - Max Reinhart wins face-off versus Ryan Nugent-Hopkins in Oilers zone.
16:33 of 3rd period - Snap shot by Byron Bitz.
16:33 of 3rd period - Stopped by James Reimer with a rebound.
16:37 of 3rd period - Snap shot by Byron Bitz.
16:37 of 3rd period - Shot Misses the Net.
16:49 of 3rd period - Slapshot by Byron Bitz.
16:49 of 3rd period - Shot Misses the Net.
16:51 of 3rd period - Wrist shot by Josh Gorges.
16:51 of 3rd period - Deflect By Byron Bitz.
16:51 of 3rd period - Shot Blocked by Conor Sheary.
16:51 of 3rd period - Puck is out of play.
16:52 of 3rd period - Connor McDavid wins face-off versus Matt Duchene in Oilers zone.
18:10 of 3rd period - Snap shot by Anze Kopitar.
18:10 of 3rd period - Stopped by James Reimer with a rebound.
19:11 of 3rd period - Slapshot by Adam Larsson.
19:11 of 3rd period - Shot Blocked by Leon Draisaitl.
19:29 of 3rd period - Slapshot by Anze Kopitar.
19:29 of 3rd period - Deflect By Jordan Eberle.
19:29 of 3rd period - Stopped by James Reimer without a rebound.
19:30 of 3rd period - Anze Kopitar wins face-off versus Patrice Bergeron in Oilers zone.
19:39 of 3rd period - Snap shot by Jordan Eberle.
19:39 of 3rd period - Stopped by James Reimer without a rebound.
19:40 of 3rd period - Ryan Nugent-Hopkins wins face-off versus Byron Bitz in Oilers zone.
19:55 of 3rd period - Wrist shot by Ryan Nugent-Hopkins.
19:55 of 3rd period - Stopped by Tyler Weiman without a rebound.
19:56 of 3rd period - Kasperi Kapanen wins face-off versus Ryan Nugent-Hopkins in Panthers zone.
Goals for this period are 1 for Panthers vs 1 for Oilers.
Shots for this period are 14 for Panthers vs 5 for Oilers.

Overtime #1


0:01 of 1st overtime period - Patrice Bergeron wins face-off versus Matt Duchene in neutral zone.
0:04 of 1st overtime period - Wrist shot by Alex Galchenyuk.
0:04 of 1st overtime period - Stopped by Tyler Weiman without a rebound.
0:05 of 1st overtime period - Patrice Bergeron wins face-off versus Matt Duchene in Panthers zone.
0:06 of 1st overtime period - Wrist shot by Alex Galchenyuk.
0:06 of 1st overtime period - Stopped by Tyler Weiman without a rebound.
0:07 of 1st overtime period - Patrice Bergeron wins face-off versus Matt Duchene in Panthers zone.
0:37 of 1st overtime period - Wrist shot by Taylor Hall.
0:37 of 1st overtime period - Stopped by James Reimer without a rebound.
0:38 of 1st overtime period - Alex Galchenyuk wins face-off versus Matt Duchene in Oilers zone.
0:55 of 1st overtime period - Taylor Hall is hit by Darnell Nurse and loses puck.
1:16 of 1st overtime period - Wrist shot by Connor McDavid.
1:16 of 1st overtime period - Shot Blocked by Jordan Eberle.
1:34 of 1st overtime period - Cam Barker is hit by Matt Duchene.
2:43 of 1st overtime period - Oscar Klefbom is hit by Leon Draisaitl and loses puck.
Goals for this period are 0 for Panthers vs 0 for Oilers.
Shots for this period are 1 for Panthers vs 2 for Oilers.

ShootOut


5:00 of 1st overtime period - Round #1.
5:00 of 1st overtime period - Panthers, Benoit Pouliot.
5:00 of 1st overtime period - Backhand shot by Benoit Pouliot.
5:00 of 1st overtime period - Shot Misses the Net.
5:00 of 1st overtime period - Oilers, Evander Kane.
5:00 of 1st overtime period - Backhand shot by Evander Kane.
5:00 of 1st overtime period - Stopped by Tyler Weiman.
5:00 of 1st overtime period - Round #2.
5:00 of 1st overtime period - Panthers, Nick Bjugstad.
5:00 of 1st overtime period - Deke by Nick Bjugstad.
5:00 of 1st overtime period - Stopped by James Reimer.
5:00 of 1st overtime period - Oilers, Alex Galchenyuk.
5:00 of 1st overtime period - Snap shot by Alex Galchenyuk.
5:00 of 1st overtime period - Shot Misses the Net.
5:00 of 1st overtime period - Round #3.
5:00 of 1st overtime period - Panthers, Anze Kopitar.
5:00 of 1st overtime period - Snap shot by Anze Kopitar.
5:00 of 1st overtime period - Goal by Anze Kopitar.
5:00 of 1st overtime period - Oilers, Tyler Toffoli.
5:00 of 1st overtime period - Snap shot by Tyler Toffoli.
5:00 of 1st overtime period - Stopped by Tyler Weiman. Output by the SimonT Hockey Simulator (STHS) for Francois Prevost - Original Page W3C HTML5 Valid
Hockey Simulator - Hockey Simulation - Hockey Manager